 Dungeon Crawl Stone Soup version 0.24.0-35-gdb84b6a5db (webtiles) character file.

Game seed: 11870284973773615562, levelgen mode: deterministic

1509 Nattfarinn the Fighter (level 8, 0/75 HPs)
             Began as a Minotaur Fighter on Nov 18, 2019.
             Was a Follower of Okawaru.
             Killed from afar by a gargoyle (13 damage)
             ... with a stone arrow
             ... on level 5 of the Dungeon.
             The game lasted 00:08:24 (3939 turns).

Nattfarinn the Fighter (Minotaur Fighter)           Turns: 3939, Time: 00:08:25

Health: 0/75       AC:  8    Str: 21    XL:     8   Next: 53%
Magic:  7/7        EV:  8    Int:  5    God:    Okawaru [*.....]
Gold:   245        SH: 10    Dex: 12    Spells: 7/7 levels left

rFire    . . .     SeeInvis .   a - +0 war axe
rCold    . . .     Gourm    .   c - +0 shield
rNeg     . . .     Faith    .   b - +0 scale mail
rPois    .         Spirit   .   (helmet restricted)
rElec    .         Reflect  .   (no cloak)
rCorr    .         Harm     .   (no gloves)
MR       .....                  (no boots)
Stlth    ..........             (no amulet)
HPRegen  0.22/turn              (no ring)
MPRegen  0.10/turn              (no ring)

@: no status effects
A: retaliatory headbutt, horns 2
a: Heroism, Renounce Religion


You were on level 5 of the Dungeon.
You worshipped Okawaru.
Okawaru was aware of your devotion.
You were not hungry.

You visited 2 branches of the dungeon, and saw 6 of its levels.
You also visited: Sewer.

You collected 245 gold pieces.

Inventory:

Hand Weapons
 a - a +0 war axe (weapon)
 i - a +3 battleaxe
Armour
 b - a +0 scale mail (worn)
 c - a +0 shield (worn)
 l - a +2 robe of magic resistance
Wands
 w - a wand of flame (21)
Scrolls
 d - 4 scrolls of teleportation
 e - 2 scrolls of blinking {unknown}
 h - a scroll of magic mapping {unknown}
 j - 3 scrolls of remove curse
 o - 2 scrolls of fog {unknown}
 p - 3 scrolls of amnesia {unknown}
 s - 7 scrolls of identify {unknown}
 u - a scroll of noise {unknown}
Potions
 g - 2 potions of lignification {unknown}
 k - 3 potions of curing {unknown}
 m - a potion of degeneration {unknown}
 q - 2 potions of brilliance {unknown}
 r - 2 potions of haste {unknown}
 t - a potion of flight {unknown}
Comestibles
 f - 5 rations
 v - 4 chunks of flesh


   Skills:
 * Level 8.4 Fighting
 + Level 6.7 Axes
 - Level 7.5 Armour
 - Level 6.0 Shields


You had 7 spell levels left.
You didn't know any spells.
Your spell library contained the following spells:

 Spells                   Type           Power        Failure   Level  Hunger
 Magic Dart               Conj           #...         99%         1    ##.....
 Blink                    Tloc           N/A          99%         2    ###....
 Call Imp                 Summ           #.......     99%         2    ###....
 Slow                     Hex            #.......     99%         2    ###....
 Conjure Flame            Conj/Fire      #.......     100%        3    ####...
 Mephitic Cloud           Conj/Pois/Air  #.......     100%        3    ####...


Dungeon Overview and Level Annotations

Branches:
Dungeon (5/15)             Temple (1/1) D:4           Sewer (visited)

Altars:
Ashenzari
Cheibriados
Elyvilon
Fedhas
Gozag
Hepliaklqana
Kikubaaqudgha
Makhleb
Nemelex Xobeh
Okawaru
Qazlal
Ru
Sif Muna
Trog
Uskayaw
Vehumet
Wu Jian
Xom
Yredelemnul
Zin
The Shining One


Innate Abilities, Weirdness & Mutations

You reflexively headbutt those who attack you in melee.
You have a pair of horns on your head.


Message History

The gargoyle hits you with a +0 flail!! You block the jackal's attack.
You hit the gargoyle but do no damage.
The gargoyle is moderately damaged.
You completely miss the jackal. The jackal bites you.
A scorpion comes into view.
You block the gargoyle's attack.
You slash the gargoyle!
You headbutt the gargoyle, but do no damage.
The gargoyle is severely damaged.
You hit the jackal.
You kill the jackal!
Okawaru accepts your kill.
The gargoyle hurls a stone arrow at you.
The stone arrow hits you!!
* * * LOW HITPOINT WARNING * * *
You barely miss the gargoyle. You headbutt the gargoyle.
The gargoyle is almost destroyed.
The gargoyle hurls a stone arrow at you.
The stone arrow hits you!
You die...

.....##.### ##..
.#....#...## ##..#
...###..[#.###...#
...# #.#..###...##
...# #(#.#........
.##...#.#..##...###
.. .....#.###.#.#$#
.# ..
.....#.###...#.#...#
.......##....###@9.#
....... #..#รท#
#.#.# [ .... #....#
.#. .# #..###..# #s
.. #..# .# #. ..
....# #.. #. ##
...... $##. ## ##...
# #


You could see a gargoyle and a scorpion.

Vanquished Creatures
  Sigmund (D:5)
  An ice beast (D:5)
  A sky beast (D:5)
  The ghost of Descartes the Scratcher, an amateur FeTm (D:5)
  An ogre (D:5)
  4 big kobolds (Sewer)
  A scorpion (D:5)
  5 wights (D:2)
  A howler monkey (D:5)
  A centaur zombie (D:5)
  A hound (D:5)
  A bullfrog skeleton (D:5)
  A worker ant (D:5)
  A worker ant zombie (D:5)
  6 gnolls
  9 adders
  2 river rats (Sewer)
  3 shadow imps
  3 oozes (Sewer)
  A worm (D:3)
  3 dart slugs
  4 leopard geckos (D:5)
  5 orcs (D:3)
  6 ball pythons
  6 goblins
  7 hobgoblins
  13 jackals
  4 quokkas
  A ball python skeleton (D:4)
  5 bats
  3 frilled lizards
  12 kobolds
  A quokka skeleton (D:4)
  8 rats
123 creatures vanquished.

Notes
Turn   | Place    | Note
-------+----------+-------------------------------------------
     0 | D:1      | Nattfarinn the Minotaur Fighter began the quest for the
                  | Orb.
     0 | D:1      | Reached XP level 1. HP: 19/19 MP: 0/0
    89 | D:1      | Reached XP level 2. HP: 27/27 MP: 1/1
   549 | D:2      | Noticed a wight
   552 | D:2      | Noticed a wight
   552 | D:2      | Noticed a wight
   566 | D:2      | Noticed a wight
   566 | D:2      | Noticed a wight
   570 | D:2      | Killed a wight
   570 | D:2      | Reached skill level 4 in Fighting
   570 | D:2      | Reached XP level 3. HP: 16/33 MP: 2/2
   570 | D:2      | Reached XP level 4. HP: 20/40 MP: 3/3
   583 | D:2      | Reached skill level 5 in Armour
   583 | D:2      | Reached XP level 5. HP: 19/47 MP: 4/4
   636 | D:2      | Reached XP level 6. HP: 9/55 MP: 5/5
  1306 | D:3      | Found a glowing drain.
  1307 | D:3      | Reached skill level 5 in Shields
  1322 | Sewer    | Entered a sewer
  1428 | Sewer    | Reached skill level 5 in Fighting
  1606 | Sewer    | Reached XP level 7. HP: 56/61 MP: 6/6
  2528 | D:4      | Found a staircase to the Ecumenical Temple.
  2538 | Temple   | Entered the Ecumenical Temple
  2594 | Temple   | Became a worshipper of Warmaster Okawaru
  3062 | D:5      | Entered Level 5 of the Dungeon
  3087 | D:5      | Found a runed translucent gate.
  3088 | D:5      | Found a runed translucent gate.
  3089 | D:5      | Found a runed translucent gate.
  3100 | D:5      | Reached skill level 5 in Axes
  3108 | D:5      | Noticed Descartes's ghost (amateur FeTm)
  3162 | D:5      | Killed Descartes's ghost
  3335 | D:5      | Reached skill level 6 in Fighting
  3344 | D:5      | Reached XP level 8. HP: 43/71 MP: 7/7
  3381 | D:5      | Reached * piety under Okawaru
  3381 | D:5      | Reached skill level 7 in Fighting
  3680 | D:5      | Noticed Sigmund
  3692 | D:5      | Killed Sigmund
  3692 | D:5      | Reached skill level 8 in Fighting
  3932 | D:5      | Noticed a gargoyle
  3939 | D:5      | Killed from afar by a gargoyle

Levels and vault maps discovered:
D:1:      lordsloth_arrival_two_stooges, layout_basic
D:2:      layout_rooms, first_ration, minmay_pentomino_z4
D:3:      layout_basic, cheibrodos_sewer_entry_sluice, minmay_misc_feat_plants
D:4:      layout_cave_pools, minmay_temple_entry_stoned_glass
D:5:      layout_layer_cave, ebering_ghost_rock_garden, minmay_starry_boxes,
          uniq_sigmund
Temple:   kilobyte_greek_temple

Skill      XL: |  1  2  3  4  5  6  7  8 |
---------------+-------------------------+-----
Armour         | 4 5 6 7 |  7.5
Shields        | 4 5 6 |  6.0
Fighting       | 4 5 6 8 |  8.4
Axes           | 3 4 5 6 |  6.7

Action                   |  1- 3 |  4- 6 |  7- 9 || total
-------------------------+-------+-------+-------++-------
Melee: War axe           |    53 |    23 |    31 ||   107
       Headbutt          |     8 |    17 |    25 ||    50
       Battleaxe         |       |    84 |   138 ||   222
Invok: Heroism           |       |       |     1 ||     1
  Use: Potion            |     1 |       |     2 ||     3
       Scroll            |       |       |     2 ||     2
  Eat: Chunk             |       |     3 |     8 ||    11
Armor: Scale mail        |    19 |    66 |    77 ||   162
Dodge: Dodged            |    15 |    57 |    77 ||   149
Block: Shield            |    30 |    11 |    15 ||    56
